 Dungeon Crawl Stone Soup version 0.30.0-29-ga12c61a403 (webtiles) character file.

Game seed: 9078616425097015254

651 seaoflcl the Chopper (level 7, 0/61 HPs)
             Began as a Minotaur Fighter on June 15, 2023.
             Slain by Pikel
             ... wielding a +1 whip of freezing
              (11 damage)
             ... on level 5 of the Dungeon.
             The game lasted 00:04:07 (3139 turns).

seaoflcl the Chopper (Minotaur Fighter)             Turns: 3139, Time: 00:04:07

Health: 0/61       AC: 10    Str: 25    XL:     7   Next: 28%
Magic:  6/6        EV:  9    Int:  5    God:
Gold:   200        SH:  5    Dex: 10    Spells: 6/6 levels left

rFire   . . .        g - +3 hand axe (flame)
rCold   . . .        c - +0 buckler
rNeg    . . .        b - +0 scale mail
rPois   .            (helmet restricted)
rElec   .            m - +0 cloak
rCorr   .            r - +1 pair of gloves {Str+3}
SInv    .            (no boots)
Will    .....        (no amulet) Stlth
                     (no ring)
HPRegen 0.30/turn    (no ring)
MPRegen 0.10/turn

%: no passive effects
@: mighty, brilliant, invisible
A: horns 2, retaliatory headbutt
a: no special abilities


You were on level 5 of the Dungeon.
You visited 1 branch of the dungeon, and saw 5 of its levels.

You collected 200 gold pieces.

Inventory:

Hand Weapons
 a - a +0 war axe
 g - a +3 hand axe of flaming (weapon)
 o - a +1 mace of protection
Missiles
 q - 2 poisoned darts (quivered)
Armour
 b - a +0 scale mail (worn)
 c - a +0 buckler (worn)
 m - a +0 cloak (worn)
 r - a +1 pair of gloves of strength (worn)
Scrolls
 i - 4 scrolls of identify {unknown}
 n - a scroll of enchant armour {unknown}
 s - a scroll of silence {unknown}
Potions
 f - a potion of attraction {unknown}
 h - 4 potions of curing
 l - 3 potions of brilliance
 t - a potion of flight {unknown}


   Skills:
 + Level 5.4 Fighting
 * Level 6.3 Axes
 + Level 1.6 Throwing
 + Level 5.4 Armour
 + Level 5.4 Shields


You had 6 spell levels left.
You didn't know any spells.
Your spell library contained the following spells:

 Spells                   Type           Power      Damage    Failure   Level
 Apportation              Tloc           0%         N/A       80%         1
 Lesser Beckoning         Tloc           0%         N/A       91%         2
 Gell's Gravitas          Tloc           0%         N/A       99%         3
 Teleport Other           Tloc           0%         N/A       99%         3
 Leda's Liquefaction      Hex/Erth       0%         N/A       100%        4
 Alistair's Intoxication  Tmut/Pois      0%         N/A       100%        5
 Lee's Rapid Deconstruct  Erth           0%         3d4*      100%        5
 Statue Form              Tmut/Erth      0%         N/A       100%        6


Dungeon Overview and Level Annotations

Branches:
Dungeon (4/15)
 Temple: D:4-7

Altars:
Cheibriados
Fedhas
The Shining One

Annotations:
D:5 Pikel


Innate Abilities, Weirdness & Mutations

You have a pair of horns on your head.
You reflexively headbutt those who attack you in melee.


Message History

You hear a loud clanging noise!
It was a scroll of noise.
The air fills with toxic fumes!
As you read the scroll labelled DAEWUIVURU, it crumbles to dust.
It was a scroll of poison.
Menkaure gestures at you while chanting.
Pain shoots through your body!
As you read the scroll labelled MOUWEMUSOSS, it crumbles to dust.
It is a scroll of enchant weapon.
Your +2 hand axe of flaming glows red for a moment.
Menkaure calls on the powers of darkness!
Your body is wracked with pain!
* * * LOW HITPOINT WARNING * * *
It was a potion of curing.
You feel better.
You feel better.
You slash Menkaure! You burn Menkaure.
Menkaure is heavily damaged.
Menkaure calls on the powers of darkness!
Your body is wracked with pain!
* * * LOW HITPOINT WARNING * * *
Pikel convulses!
You slash Menkaure! You burn Menkaure. You headbutt Menkaure.
You destroy Menkaure!
It was a potion of brilliance.
You feel clever all of a sudden.
It was a potion of invisibility.
You fade into invisibility!
The lemure hits you.
* * * LOW HITPOINT WARNING * * *
You hit the lemure but do no damage.
You headbutt the lemure, but do no damage.
The lemure hits you.
* * * LOW HITPOINT WARNING * * *
You barely miss the lemure. The lemure hits you but does no damage.
You barely miss the lemure. You block the lemure's attack.
Really walk into that cloud of poison gas?
Okay, then.
You feel very mighty all of a sudden.
Pikel hits you with a +1 whip of freezing!
You die...

######### ##
#.°@.5..###...
#.#5K5#[......
#.°###.5.###..
#..# #...##
#..###....#
#........#...#
#............#
#.####.#......
.... .....#.##


You could see Pikel (unable to see you) and 4 lemures.

Vanquished Creatures
  Menkaure (D:5)
  A black bear (D:4)
  The ghost of Blight the Grave Robber, a weakling DsNe (D:3)
  An iron imp (D:3)
  A jelly (D:3)
  Jessica (D:3)
  Natasha (thrice) (D:3)
  An iguana (D:4)
  3 orc wizards
  3 gnolls (D:4)
  4 adders
  2 dart slugs (D:2)
  4 orcs
  7 endoplasms
  4 giant cockroaches
  5 goblins
  7 hobgoblins
  4 jackals
  4 kobolds
  4 quokkas
  3 ball pythons (D:1)
  7 bats
  2 frilled lizards
  6 rats
79 creatures vanquished.

Notes
Turn   | Place    | Note
-------+----------+-------------------------------------------
     0 | D:1      | seaoflcl the Minotaur Fighter began the quest for the Orb.
     0 | D:1      | Reached XP level 1. HP: 19/19 MP: 0/0
    30 | D:1      | Reached XP level 2. HP: 24/27 MP: 1/1
   166 | D:1      | Reached skill level 3 in Axes
   395 | D:1      | Reached XP level 3. HP: 31/33 MP: 2/2
   647 | D:2      | Found a faded altar of an unknown god.
   993 | D:3      | Reached XP level 4. HP: 33/40 MP: 3/3
  1046 | D:3      | Found a snail-covered altar of Cheibriados.
  1053 | D:3      | Reached skill level 4 in Axes
  1111 | D:3      | Noticed Jessica
  1114 | D:3      | Killed Jessica
  1115 | D:3      | Reached XP level 5. HP: 46/47 MP: 4/4
  1306 | D:3      | Noticed Natasha
  1318 | D:3      | Killed Natasha
  1416 | D:3      | Found a blossoming altar of Fedhas.
  1468 | D:3      | Found a glowing golden altar of the Shining One.
  1709 | D:3      | Noticed Natasha
  1714 | D:3      | Killed Natasha
  1715 | D:3      | Reached skill level 5 in Axes
  1778 | D:3      | Found a runed translucent door.
  1780 | D:3      | Noticed Blight's ghost (weakling DsNe)
  1803 | D:3      | Killed Blight's ghost
  1804 | D:3      | Reached XP level 6. HP: 44/55 MP: 5/5
  1947 | D:3      | Noticed Natasha
  1951 | D:3      | Killed Natasha
  1952 | D:3      | Reached skill level 5 in Armour
  2035 | D:4      | Reached skill level 5 in Shields
  2055 | D:4      | Reached skill level 5 in Fighting
  2490 | D:4      | Reached skill level 1 in Throwing
  2551 | D:4      | Reached skill level 6 in Axes
  2555 | D:4      | Reached XP level 7. HP: 45/61 MP: 6/6
  3105 | D:4      | You fall into a shaft and drop 1 floor!
  3105 | D:5      | Entered Level 5 of the Dungeon
  3106 | D:5      | Noticed Menkaure
  3113 | D:5      | Noticed Pikel
  3128 | D:5      | Killed Menkaure
  3139 | D:5      | Slain by Pikel

Illustrated notes

Levels and vault maps discovered:
D:1:      scummos_arrival_simple_crosswalls, layout_rooms
D:2:      layout_loops_ring, hellmonk_ecumenical_altar_pennies_from_heaven
D:3:      layout_loops_ring, mainiacjoe_overflow_24_doors,
          fedhas_ov_isle_minmay, slow_altar_1, ebering_ghost_sewer_d,
          uniq_natasha, uniq_jessica
D:4:      layout_basic, minitemple
D:5:      layout_loops_cross, nicolae_kikubaaqudgha_miasma_corner,
          uniq_prince_ribbit1, uniq_pikel, uniq_menkaure

Skill      XL: |  1  2  3  4  5  6 |
---------------+-------------------+-----
Axes           | 3 4 5 6 |  6.3
Shields        | 4 5 |  5.4
Armour         | 4 5 |  5.4
Fighting       | 4 5 |  5.4
Throwing       | 1 |  1.6

Action                     |  1- 3 |  4- 6 |  7- 9 || total
---------------------------+-------+-------+-------++-------
  Melee: War axe           |    30 |       |       ||    30
         Headbutt          |     5 |    18 |     2 ||    25
         Hand axe          |    46 |   104 |     8 ||   158
  Throw: Dart              |       |       |     4 ||     4
    Use: Potion            |       |       |     5 ||     5
         Scroll            |       |       |     3 ||     3
 Armour: Scale mail        |    41 |    42 |     2 ||    85
  Dodge: Dodged            |    28 |    47 |     1 ||    76
  Block: Buckler           |    20 |    19 |     1 ||    40
